 Seeded DCSS version 0.27-a0-1273-gec92ba8 (webtiles) character file.

Game seed: 3375557939289291370 (custom seed)

1 AmazingTV the Ducker (level 1, -4/11 HPs)
             Began as a Spriggan Abyssal Knight on June 11, 2021.
             Was a Follower of Lugonu.
             Slain by a goblin
             ... wielding a +1 dagger of distortion
              (14 damage)
             ... on level 1 of the Dungeon.
             The game lasted 00:00:31 (223 turns).

AmazingTV the Ducker (Spriggan Abyssal Knight)       Turns: 223, Time: 00:00:32

Health: -4/11      AC:  2    Str:  8    XL:     1   Next: 16%
Magic:  3/3        EV: 17    Int: 13    God:    Lugonu [*.....]
Gold:   18         SH:  0    Dex: 14    Spells: 0/0 levels left

rFire    . . .     SeeInvis +   a - +1 hand axe
rCold    . . .     Faith    .   (shield restricted)
rNeg     . . .     Spirit   .   b - +0 robe
rPois    .         Reflect  .   (helmet restricted)
rElec    .         Harm     .   (no cloak)
rCorr    .         Rampage  .   (gloves unavailable)
Will     .....                  (boots unavailable)
Stlth    +.........             (no amulet)
HPRegen  0.03/turn              (no ring)
MPRegen  0.08/turn              (no ring)

@: very quick
A: very small, no large weapons, unfitting armour, see invisible, speed 3
a: Renounce Religion, Depart the Abyss


You were on level 1 of the Dungeon.
You worshipped Lugonu.
Lugonu was aware of your devotion.
You visited 1 branch of the dungeon, and saw 1 of its levels.
You visited the Abyss 1 time.

You collected 18 gold pieces.

Inventory:

Hand Weapons
 a - a +1 hand axe (weapon)
Armour
 b - a +0 robe (worn)


   Skills:
 + Level 2.4 Fighting
 + Level 1.6 Axes
 + Level 3.2 Dodging
 + Level 1.7 Invocations


You couldn't memorise any spells.
You didn't know any spells.
Your spell library was empty.

Dungeon Overview and Level Annotations

Branches:
Dungeon (1/15)

Altars:


Innate Abilities, Weirdness & Mutations

You are very small and have problems with some larger weapons.
You are too small for most types of armour.
You have supernaturally acute eyesight. (SInv)
You cover ground extremely quickly. (Speed+++)


Message History

There is an open door here.
There is an open door here.
You see here 9 sling bullets.
There is an open door here.
As you open the door, it creaks loudly!
An endoplasm comes into view.
The endoplasm quivers.
You hit the endoplasm.
The endoplasm is heavily wounded.
The endoplasm barely misses you.
You hit the endoplasm.
The endoplasm is heavily wounded.
The endoplasm closely misses you.
You barely miss the endoplasm.
The endoplasm is heavily wounded.
The endoplasm barely misses you.
You barely miss the endoplasm.
The endoplasm is heavily wounded.
The endoplasm freezes you.
You are frozen.
The endoplasm hits you but does no damage.
You hit the endoplasm.
The endoplasm is severely wounded.
The endoplasm closely misses you.
You hit the endoplasm.
You kill the endoplasm!
Lugonu accepts your kill.
You start resting.
HP restored.
There is an open door here.
A goblin comes into view.
It is wielding a +1 dagger of distortion.
A kobold comes into view. It is wielding a +0 dagger.
The goblin shouts!
The goblin closely misses you.
Found a stone staircase leading down.
You barely miss the goblin.
The goblin hits you with a +1 dagger of distortion.
Space warps horribly around you!
Ouch! That really hurt!
You die...

##########
#........#
#........#
##########........#
>.....g@..........#
..#......#........#
#.K##########..#.##
#### .
###...####'####...
##.......##.#......
#.........#.#......
#.........'.'......
#......(..#.#......
##.......##.##.....


You could see a goblin and a kobold.

Vanquished Creatures
  An endoplasm (D:1)
1 creature vanquished.

Notes
Turn   | Place    | Note
-------+----------+-------------------------------------------
     0 | Abyss:1  | AmazingTV the Spriggan Abyssal Knight began the quest for
                  | the Orb.
     0 | Abyss:1  | Reached XP level 1. HP: 11/11 MP: 3/3
    39 | D:1      | Escaped the Abyss
   223 | D:1      | Slain by a goblin

Illustrated notes

Levels and vault maps discovered:
D:1:      dpeg_arrival_three_smaller_balls, layout_rooms,
          hellmonk_ecumenical_altar_prayer_group, minmay_split_cup_large

Action                   || total
-------------------------++-------
Melee: Hand axe          ||     7
Armor: Robe              ||     1
Dodge: Dodged            ||     5

Table legend: (Time is in decaauts)
 A = Elapsed time spent in this place.
 B = Non-inter-level travel time spent in this place.
 C = Inter-level travel time spent in this place.
 D = Time resting spent in this place.
 E = Time spent auto-exploring this place.
 F = Levels seen in this place.
 G = Mean time per level.
                   A        B        C        D        E       F      G
               +--------+--------+--------+--------+--------+-----+--------+
         Total |    176 |    169 |      7 |     87 |     68 |   2 |   88.0 |
       Dungeon |    152 |    145 |      7 |     87 |     46 |   1 |  152.0 |
         Abyss |     23 |     23 |      0 |      0 |     22 |   1 |   23.0 |
               +--------+--------+--------+--------+--------+-----+--------+

Top non-repeatable levels by time:
     D:1: 152 daAuts
 Abyss:1: 23 daAuts
